[Event "Titled Tuesday Blitz June 13 Early 2023"]
[White "Freile Martin, Javier"]
[Black "Petrova, Irina"]
[WhiteFideId "3600165"]
[BlackFideId "14124122"]
[WhiteElo "2320"]
[BlackElo "2084"]
[Result "0-1"]
[Round "11"]
[TimeControl "180+2"]
[Date "2023.06.13"]
[WhiteClock "0:00:18"]
[BlackClock "0:00:15"]
[Board "126"]

1. d4 d6 2. Nf3 g6 3. c4 Bg7 4. Nc3 Nc6 5. d5 Ne5 6. Nxe5 Bxe5 7. e4 Nf6 8. Be2 O-O 9. Qc2 c6 10. O-O cxd5 11. cxd5 Bd7 12. Be3 Rc8 13. f3 b5 14. Qb3 a6 15. a4 Nh5 16. axb5 axb5 17. g3 b4 18. Na4 Rb8 19. f4 Bg7 20. Bxh5 gxh5 21. Qd1 Bg4 22. Qd2 Bd7 23. Bd4 Bxd4+ 24. Qxd4 Bxa4 25. Rxa4 Qb6 26. Qxb6 Rxb6 27. Rc1 Rfb8 28. Kf2 Rb5 29. Rh1 Rc5 30. Re1 Rc2+ 31. Re2 b3 32. Ra7 Rbc8 33. Rxe7 Rxe2+ 34. Kxe2 Rc2+ 35. Kf3 Rxb2 36. h4 Rb1 37. Rb7 b2 38. Kg2 Kg7 39. e5 dxe5 40. fxe5 Rd1 41. Rxb2 Rxd5 42. Re2 Kg6 43. Kh3 Kf5 44. Rf2+ Kg6 45. Rf6+ Kg7 46. Rf5 Kg6 47. Rg5+ Kh6 48. g4 Rd3+ 49. Kg2 hxg4 50. Rxg4 Re3 51. Rg5 Re4 52. Kg3 Re3+ 53. Kf4 Re1 54. Rf5 Kg6 55. h5+ Kg7 56. h6+ Kxh6 57. Rf6+ Kg7 58. Kg5 Rg1+ 59. Kh5 Rh1+ 60. Kg4 Rg1+ 61. Kh4 Re1 62. Rf5 h6 63. Kg4 Kg6 64. Rf6+ Kg7 65. Rf5 Rg1+ 66. Kh3 Rh1+ 67. Kg4 Rg1+ 68. Kh4 Rg6 69. Kh5 Re6 70. Kg4 Ra6 71. Rf3 Kg6 72. Rg3 Ra4+ 73. Kf3+ Kf5 74. Rh3 Ra3+ 75. Ke2 Rxh3 76. e6 Kxe6 0-1


[Site "https://www.chess.com"]

[Event "Titled Tuesday Blitz June 13 Early 2023"]
[White "De Souza, Cristiano Gomes"]
[Black "Grossboss19"]
[WhiteFideId "2151758"]
[WhiteElo "2068"]
[BlackElo "2400"]
[Result "0-1"]
[Round "11"]
[TimeControl "180+2"]
[Date "2023.06.13"]
[WhiteClock "0:01:41"]
[BlackClock "0:00:31"]
[Board "127"]

1. d4 d5 2. c4 e6 3. Nf3 Nf6 4. Nc3 Bb4 5. Bg5 O-O 6. Rc1 h6 7. Bxf6 Qxf6 8. e3 c6 9. Be2 Nd7 10. O-O Bxc3 11. Rxc3 dxc4 12. Bxc4 e5 13. dxe5 Nxe5 14. Nxe5 Qxe5 15. Qb3 Rb8 16. Rd1 Be6 17. Bxe6 Qxe6 18. Qxe6 fxe6 19. Kf1 Rfd8 20. Rcd3 Rd5 21. e4 Rxd3 22. Rxd3 Rf8 23. f3 a6 24. Rd7 Rf7 25. Rxf7 Kxf7 26. f4 Ke7 27. Ke2 Kd6 28. Kd3 Kc5 29. g4 b5 30. h4 Kd6 31. e5+ Kd5 32. b4 g6 33. a3 h5 34. gxh5 gxh5 35. Ke3 c5 36. bxc5 a5 37. c6 Kxc6 38. Kd4 b4 39. axb4 axb4 40. Kc4 b3 41. Kxb3 Kd5 42. Kb4 Ke4 43. f5 Kxf5 44. Kc4 Kxe5 45. Kd3 Kf4 0-1


[Site "https://www.chess.com"]

[Event "Titled Tuesday Blitz June 13 Early 2023"]
[White "Sarkar, Justin"]
[Black "Lopez Idarraga, Daniel Eduardo"]
[WhiteFideId "2010011"]
[BlackFideId "4405501"]
[WhiteElo "2151"]
[BlackElo "1980"]
[Result "0-1"]
[Round "11"]
[TimeControl "180+2"]
[Date "2023.06.13"]
[WhiteClock "0:00:00"]
[BlackClock "0:01:20"]
[Board "128"]

1. e4 c5 2. Nf3 Nc6 3. d4 cxd4 4. Nxd4 Nf6 5. Nc3 g6 6. Nxc6 bxc6 7. e5 Nh5 8. Bc4 d5 9. exd6 exd6 10. O-O d5 11. Nxd5 cxd5 12. Bxd5 Be6 13. Bc6+ Bd7 14. Re1+ Be7 15. Bxa8 Qxa8 16. Qd4 Rg8 17. Bg5 Be6 18. Bxe7 Kxe7 19. Rad1 g5 20. Qd6+ Kf6 21. Rd3 h6 22. Qe5+ Kg6 23. Qe4+ Qxe4 24. Rxe4 Bxa2 25. Ra4 Be6 0-1


[Site "https://www.chess.com"]

[Event "Titled Tuesday Blitz June 13 Early 2023"]
[White "Jimenez Garcia, Emmanuel"]
[Black "Philippe, Guillaume"]
[WhiteFideId "6504779"]
[BlackFideId "36048763"]
[WhiteElo "2440"]
[BlackElo "2387"]
[Result "1-0"]
[Round "11"]
[TimeControl "180+2"]
[Date "2023.06.13"]
[WhiteClock "0:01:21"]
[BlackClock "0:01:13"]
[Board "130"]

1. e4 c5 2. a3 d5 3. exd5 Qxd5 4. Nf3 g6 5. Nc3 Qd8 6. b4 cxb4 7. axb4 Bg7 8. d4 Nf6 9. b5 O-O 10. Be2 Nbd7 11. O-O Nb6 12. h3 Be6 13. Ba3 Rc8 14. Bb4 Nbd5 15. Nxd5 Nxd5 16. Bd2 Nb6 17. Rxa7 Bd5 18. Ne5 Nc4 19. Nxc4 Bxc4 20. Rxb7 Bxe2 21. Qxe2 Rxc2 22. Qd3 Rb2 23. Be3 e5 24. d5 Qc8 25. Ra7 Rd8 26. b6 f5 27. Rc1 Qb8 28. Qa3 e4 29. Qe7 Qe5 30. Qxd8+ 1-0


[Site "https://www.chess.com"]

[Event "Titled Tuesday Blitz June 13 Early 2023"]
[White "Samarth J Rao"]
[Black "Ramirez Vido, Robert Yorisan"]
[WhiteFideId "46652370"]
[BlackFideId "3513823"]
[WhiteElo "1564"]
[BlackElo "2363"]
[Result "1-0"]
[Round "11"]
[TimeControl "180+2"]
[Date "2023.06.13"]
[WhiteClock "0:00:13"]
[BlackClock "0:00:00"]
[Board "131"]

1. Nf3 g6 2. c4 Nf6 3. e3 Bg7 4. Be2 O-O 5. O-O d6 6. b3 e5 7. Bb2 a5 8. Nc3 Nc6 9. d4 exd4 10. Nxd4 Nxd4 11. exd4 Bf5 12. Bf3 c6 13. Qd2 Re8 14. Rae1 Qd7 15. h3 h5 16. Na4 Qc7 17. Bc3 Be4 18. Qf4 Bxf3 19. Qxf3 b5 20. Nb2 b4 21. Bd2 Nd7 22. Qd3 c5 23. Be3 cxd4 24. Bxd4 Ne5 25. Bxe5 Rxe5 26. Rxe5 Bxe5 27. Qd5 Re8 28. Nd3 Bc3 29. f4 Qe7 30. f5 Qf6 31. Rf3 Qd4+ 32. Qxd4 Bxd4+ 33. Kf1 Bc3 34. fxg6 fxg6 35. g4 hxg4 36. hxg4 Kg7 37. Nf4 Re1+ 38. Kg2 Re4 39. Kh3 Be5 40. Ne6+ Kh6 41. Kg2 Rxg4+ 42. Kf1 Rh4 43. Nd8 Rh1+ 44. Ke2 Rh2+ 45. Kd3 Rxa2 46. c5 Kg5 47. c6 Ra1 48. Rf2 Rc1 49. Rc2 Rxc2 50. Kxc2 1-0


[Site "https://www.chess.com"]

[Event "Titled Tuesday Blitz June 13 Early 2023"]
[White "Tarasova, Viktoriya"]
[Black "Sanchez, Robert"]
[WhiteFideId "4175840"]
[BlackFideId "2034360"]
[WhiteElo "2182"]
[BlackElo "1936"]
[Result "0-1"]
[Round "11"]
[TimeControl "180+2"]
[Date "2023.06.13"]
[WhiteClock "0:00:03"]
[BlackClock "0:00:16"]
[Board "132"]

1. d4 Nf6 2. c4 g6 3. Nc3 Bg7 4. e4 d6 5. h3 O-O 6. Be3 Nbd7 7. Be2 e5 8. d5 Qe7 9. g4 b6 10. Qc2 Nc5 11. f3 a5 12. h4 Bd7 13. h5 c6 14. O-O-O cxd5 15. exd5 e4 16. h6 Bh8 17. Bg5 Rfe8 18. Nh3 exf3 19. Bxf3 Qf8 20. Qg2 b5 21. cxb5 Rec8 22. Kb1 Rcb8 23. Be2 a4 24. Rhf1 Nfe4 25. Nxe4 Nxe4 26. Qxe4 f5 27. Qb4 Qe8 28. Nf4 Bxb5 29. Bxb5 Rxb5 30. Rfe1 Rxb4 31. Rxe8+ Rxe8 32. Nd3 Rd4 33. gxf5 Rxd5 34. Bf4 Be5 35. fxg6 Bxf4 36. gxh7+ Kxh7 37. Rf1 Rxd3 38. Rxf4 Re7 0-1


[Site "https://www.chess.com"]

[Event "Titled Tuesday Blitz June 13 Early 2023"]
[White "Tokman, Ariel"]
[Black "Al Mukhaini, Shima"]
[WhiteFideId "117420"]
[BlackFideId "22005854"]
[WhiteElo "2263"]
[BlackElo "2271"]
[Result "1-0"]
[Round "11"]
[TimeControl "180+2"]
[Date "2023.06.13"]
[WhiteClock "0:00:28"]
[BlackClock "0:00:00"]
[Board "133"]

1. d4 Nf6 2. Bf4 g6 3. e3 Bg7 4. Nf3 O-O 5. Be2 d6 6. O-O Nbd7 7. h3 b6 8. a4 a6 9. Bh2 Bb7 10. c3 Re8 11. Nbd2 e5 12. Qb3 e4 13. Ne1 a5 14. Nc2 Nh5 15. Na3 Qg5 16. Nb5 Ba6 17. c4 Bxb5 18. Qxb5 Qxb5 19. cxb5 Nhf6 20. Rfc1 Ra7 21. Rc2 Re7 22. Rac1 Ne8 23. Bc4 Kf8 24. Bd5 f5 25. Kf1 Ndf6 26. Bb3 g5 27. Ke2 d5 28. Rc6 Rd7 29. Be5 Ke7 30. Nf1 Bf8 31. Ng3 Nd6 32. Bxd6+ cxd6 33. Nxf5+ Ke6 34. g4 h5 35. f3 exf3+ 36. Kxf3 hxg4+ 37. hxg4 Ne4 38. Ke2 Nf6 39. Rxb6 Nxg4 40. Ng3 Ra8 41. e4 Re8 42. Bxd5+ Kf6 43. Rf1+ Kg6 44. Bf7+ Rxf7 45. Rxf7 Kxf7 46. Ra6 Nf6 47. Kd3 d5 48. e5 Ne4 49. Nxe4 dxe4+ 50. Kxe4 Bb4 51. Rf6+ Kg7 52. b6 Rb8 53. d5 Be7 54. Re6 Kf7 55. Kf5 Rg8 56. b7 g4 57. Rb6 Rg5+ 58. Kf4 g3 59. b8=Q g2 60. e6+ Kg7 61. Qe8 Rg4+ 62. Kxg4 g1=Q+ 63. Kf3 Qf1+ 64. Ke3 Qe1+ 65. Kd3 Qd1+ 66. Kc4 Qc2+ 67. Kb5 Qb3+ 68. Ka6 Qc4+ 69. Ka7 Qc7+ 70. Rb7 Qc5+ 71. Ka8 Kf6 72. Qf7+ Ke5 73. Qxe7 1-0


[Site "https://www.chess.com"]

[Event "Titled Tuesday Blitz June 13 Early 2023"]
[White "Pein, Jonathan"]
[Black "babbilator"]
[WhiteFideId "417092"]
[WhiteElo "2151"]
[BlackElo "2278"]
[Result "1-0"]
[Round "11"]
[TimeControl "180+2"]
[Date "2023.06.13"]
[WhiteClock "0:01:52"]
[BlackClock "0:00:38"]
[Board "134"]

1. g3 e5 2. Bg2 f5 3. d4 e4 4. c4 Nf6 5. h4 d5 6. Nc3 c6 7. cxd5 cxd5 8. Bg5 Bb4 9. Qb3 Nc6 10. e3 O-O 11. Bxf6 Qxf6 12. Qxd5+ Be6 13. Qb5 a6 14. Qe2 Na5 15. Nh3 Bc4 16. Qh5 Rac8 17. Nf4 Bd3 18. Nxd3 exd3 19. O-O Nc4 20. Nd5 Qd6 21. Nf4 g6 22. Qh6 Nb6 1-0


[Site "https://www.chess.com"]

[Event "Titled Tuesday Blitz June 13 Early 2023"]
[White "Zaksaite, Salomeja"]
[Black "Kuznetsov, Mikhail"]
[WhiteFideId "12801496"]
[BlackFideId "4117190"]
[WhiteElo "2059"]
[BlackElo "1981"]
[Result "1-0"]
[Round "11"]
[TimeControl "180+2"]
[Date "2023.06.13"]
[WhiteClock "0:00:03"]
[BlackClock "0:00:00"]
[Board "135"]

1. e4 c6 2. d4 d5 3. exd5 cxd5 4. Bd3 Nc6 5. c3 Nf6 6. h3 g6 7. Nf3 Bf5 8. Be2 Bg7 9. O-O O-O 10. Nbd2 Ne4 11. Re1 Nxd2 12. Bxd2 Be4 13. Bf4 Bxf3 14. Bxf3 e6 15. b4 Rc8 16. Qb3 a6 17. a4 Qd7 18. Rec1 Ne7 19. b5 axb5 20. axb5 Nf5 21. Ra7 Ra8 22. b6 Rfc8 23. Be5 Bxe5 24. dxe5 Ne7 25. c4 Rxa7 26. bxa7 b5 27. Ra1 Ra8 28. cxb5 Rxa7 29. Rb1 Nc8 30. Qb4 Nb6 31. Qc5 Rb7 32. Qc6 Qc7 33. h4 Qd7 34. h5 Kg7 35. g3 Qc7 36. Kg2 Nc4 37. Qa6 Qb6 38. Qa8 1-0


[Site "https://www.chess.com"]

[Event "Titled Tuesday Blitz June 13 Early 2023"]
[White "Koridze, Lile"]
[Black "SicilianPanzer"]
[WhiteFideId "13612514"]
[WhiteElo "2047"]
[BlackElo "2246"]
[Result "1-0"]
[Round "11"]
[TimeControl "180+2"]
[Date "2023.06.13"]
[WhiteClock "0:00:53"]
[BlackClock "0:00:00"]
[Board "136"]

1. d4 Nf6 2. c4 e6 3. Nf3 d5 4. g3 dxc4 5. Bg2 a6 6. O-O Nc6 7. Nc3 Rb8 8. a4 b5 9. axb5 axb5 10. Ne5 Nxe5 11. dxe5 Nd7 12. Bc6 b4 13. Nb5 Be7 14. Be3 O-O 15. Ba7 Rb7 16. Bxb7 Bxb7 17. f4 Bc6 18. Nd4 Be4 19. Qd2 c5 20. Nb5 f6 21. Rfd1 Bc6 22. exf6 Nxf6 23. Qe3 Qc8 24. Nd6 Bxd6 25. Rxd6 Bd5 26. Qxc5 Qxc5+ 27. Bxc5 Ne4 28. Rxd5 exd5 29. Bxf8 Kxf8 30. Ra8+ Ke7 31. Rb8 b3 32. e3 Nc5 33. Rb5 Kd6 34. Rb6+ Kc7 35. Rb5 Nd3 36. Rxd5 Nxb2 37. Kf1 Kc6 38. Rd8 Na4 39. Rc8+ Kb5 40. Rb8+ Kc5 41. Ke2 b2 42. Kd2 c3+ 43. Kc2 Kc4 44. Rb3 Kc5 45. e4 Kc4 46. e5 Kc5 47. e6 Kd6 48. Rb4 Nc5 49. Kxc3 1-0


[Site "https://www.chess.com"]

[Event "Titled Tuesday Blitz June 13 Early 2023"]
[White "Tuleyeva-Aketayeva, Dana"]
[Black "Ozalp, Burak"]
[WhiteFideId "13701932"]
[BlackFideId "6314210"]
[WhiteElo "2030"]
[BlackElo "2106"]
[Result "0-1"]
[Round "11"]
[TimeControl "180+2"]
[Date "2023.06.13"]
[WhiteClock "0:00:00"]
[BlackClock "0:00:45"]
[Board "137"]

1. d4 Nf6 2. Nf3 g6 3. g3 Bg7 4. Bg2 O-O 5. O-O d6 6. Nc3 c5 7. dxc5 dxc5 8. Qxd8 Rxd8 9. Be3 Na6 10. a3 Bf5 11. Ne5 Rab8 12. Bf4 Nh5 13. Nxg6 hxg6 14. Bxb8 Rxb8 15. e4 Be6 16. Rab1 Nc7 17. Nd5 Bxd5 18. exd5 Ne8 19. b4 c4 20. Rfe1 Kf8 21. a4 Nd6 22. b5 Nf6 23. Rb4 Nd7 24. Re3 Bd4 25. Re2 b6 26. Bf1 Rc8 27. Bh3 f5 28. g4 Ne5 29. gxf5 gxf5 30. Kg2 Kf7 31. f4 Rg8+ 32. Bg4 Rxg4+ 33. Kh3 Rxf4 34. Rb1 Ne4 35. Rd1 Bc5 0-1


[Site "https://www.chess.com"]

[Event "Titled Tuesday Blitz June 13 Early 2023"]
[White "rionelG"]
[Black "Begunov, Konstantin"]
[BlackFideId "4118510"]
[WhiteElo "2225"]
[BlackElo "1993"]
[Result "0-1"]
[Round "11"]
[TimeControl "180+2"]
[Date "2023.06.13"]
[WhiteClock "0:00:00"]
[BlackClock "0:01:32"]
[Board "138"]

1. e4 c5 2. g3 d5 3. exd5 Qxd5 4. Nf3 Qe4+ 5. Be2 Bh3 6. d3 Qc6 7. Nc3 f6 8. d4 Nd7 9. d5 Qc7 10. Bf4 Qa5 11. Qd2 g5 12. Be3 Nh6 0-1


[Site "https://www.chess.com"]

[Event "Titled Tuesday Blitz June 13 Early 2023"]
[White "Kiseleva, Arina"]
[Black "Shapiro, Daniel"]
[WhiteFideId "4164989"]
[BlackFideId "2001780"]
[WhiteElo "1701"]
[BlackElo "2339"]
[Result "1-0"]
[Round "11"]
[TimeControl "180+2"]
[Date "2023.06.13"]
[WhiteClock "0:01:00"]
[BlackClock "0:00:07"]
[Board "139"]

1. d4 Nf6 2. Nf3 b6 3. e3 Bb7 4. Nbd2 e6 5. Bd3 c5 6. O-O Be7 7. b3 O-O 8. Bb2 d6 9. a3 Nbd7 10. c4 Qc7 11. Rc1 Rac8 12. Qe2 Rfe8 13. h3 Bf8 14. Bb1 g6 15. Rfd1 Bg7 16. Nf1 Qb8 17. N1h2 Qa8 18. dxc5 dxc5 19. Ng4 Nxg4 20. Bxg7 Bxf3 21. Qb2 Bxd1 22. Rxd1 Nge5 23. Bh6 f6 24. f4 Nf7 25. Rxd7 Qc6 26. Qxf6 1-0


[Site "https://www.chess.com"]

[Event "Titled Tuesday Blitz June 13 Early 2023"]
[White "Nikulina, Alena"]
[Black "Sovetbekova, Nurai"]
[WhiteFideId "4172051"]
[BlackFideId "13801910"]
[WhiteElo "1608"]
[BlackElo "1857"]
[Result "0-1"]
[Round "11"]
[TimeControl "180+2"]
[Date "2023.06.13"]
[WhiteClock "0:00:14"]
[BlackClock "0:00:52"]
[Board "140"]

1. e4 c5 2. Nf3 Nc6 3. d4 cxd4 4. Nxd4 Nf6 5. Nc3 e5 6. Ndb5 d6 7. Bg5 a6 8. Na3 b5 9. Nd5 Be7 10. Bxf6 Bxf6 11. c3 Bg5 12. Nc2 Rb8 13. Nce3 O-O 14. h4 Bh6 15. g4 f6 16. Nf5 Bxf5 17. gxf5 b4 18. Bxa6 bxc3 19. bxc3 Qa5 20. Bc4 Kh8 21. Rg1 Ne7 22. Nb4 Rxb4 23. cxb4 Qxb4+ 24. Kf1 Qxc4+ 25. Qe2 Qc3 26. Rb1 Nc6 27. Rg3 Qa5 28. Rd1 Nd4 29. Qc4 Bf4 30. Rgd3 Qa8 31. a4 Qxe4 32. Rxd4 exd4 33. Rxd4 Qh1+ 34. Ke2 Re8+ 35. Kd3 Qf3+ 36. Kc2 Re2+ 37. Kb1 Qh1+ 38. Rd1 Qxd1+ 39. Qc1 Qxc1# 0-1


[Site "https://www.chess.com"]

[Event "Titled Tuesday Blitz June 13 Early 2023"]
[White "Blackwhite017"]
[Black "Georg, Heinz"]
[BlackFideId "4607295"]
[WhiteElo "2138"]
[BlackElo "2297"]
[Result "0-1"]
[Round "11"]
[TimeControl "180+2"]
[Date "2023.06.13"]
[WhiteClock "0:00:15"]
[BlackClock "0:01:27"]
[Board "141"]

1. e4 e5 2. Nf3 Nc6 3. Bb5 f5 4. d3 Nf6 5. Nc3 d6 6. Bg5 Be7 7. Qd2 O-O 8. O-O-O fxe4 9. dxe4 Bg4 10. h3 Bxf3 11. gxf3 Nd4 12. Bc4+ Kh8 13. Qe3 Nh5 14. Bxe7 Qxe7 15. Rxd4 exd4 16. Qxd4 c6 17. Rg1 Qf6 18. Qd3 b5 19. Bb3 Nf4 20. Qf1 a5 21. a4 bxa4 22. Nxa4 Rab8 23. Rg4 Ng6 24. Qc4 Ne5 25. Qxc6 Nxc6 0-1


[Site "https://www.chess.com"]

[Event "Titled Tuesday Blitz June 13 Early 2023"]
[White "Simonovic, Miroslav"]
[Black "Skiadopoulos, Nikolaos"]
[WhiteFideId "919152"]
[BlackFideId "4200772"]
[WhiteElo "2075"]
[BlackElo "2022"]
[Result "1-0"]
[Round "11"]
[TimeControl "180+2"]
[Date "2023.06.13"]
[WhiteClock "0:01:02"]
[BlackClock "0:01:01"]
[Board "142"]

1. d4 Nf6 2. Bg5 e6 3. e4 Be7 4. Bd3 d6 5. f4 Nbd7 6. Nf3 c5 7. Bxf6 Bxf6 8. e5 Be7 9. dxc5 Nxc5 10. Bb5+ Bd7 11. Bxd7+ Qxd7 12. O-O d5 13. Nd4 O-O 14. Nd2 g6 15. c3 Rac8 16. Qe2 a6 17. g4 Na4 18. N2b3 b5 19. f5 exf5 20. gxf5 Bc5 21. Qe3 gxf5 22. Qg5+ Kh8 23. Qf6+ Kg8 24. Rxf5 Rc6 25. Rg5# 1-0


[Site "https://www.chess.com"]

[Event "Titled Tuesday Blitz June 13 Early 2023"]
[White "Chakravarthi Reddy, M"]
[Black "Vargas, Mauricio"]
[WhiteFideId "25009532"]
[BlackFideId "4404572"]
[WhiteElo "2201"]
[BlackElo "1986"]
[Result "0-1"]
[Round "11"]
[TimeControl "180+2"]
[Date "2023.06.13"]
[WhiteClock "0:00:21"]
[BlackClock "0:00:02"]
[Board "143"]

1. e4 Nc6 2. d4 d5 3. e5 Bf5 4. g4 Bg6 5. h4 h5 6. g5 e6 7. Bg2 Bb4+ 8. c3 Ba5 9. Ne2 Nge7 10. O-O Nf5 11. Nf4 Nxh4 12. Nxg6 Nxg6 13. f4 Nce7 14. Bh3 Bb6 15. f5 exf5 16. Bxf5 Nxf5 17. Rxf5 Qd7 18. Qf3 Nh4 19. Qg3 Nxf5 20. Qf2 g6 21. Nd2 O-O-O 22. Nb3 Kb8 23. a4 a6 24. a5 Ba7 25. Bf4 h4 26. Nc1 Ng3 27. Nd3 Qh3 28. Qg2 Qxg2+ 29. Kxg2 Nf5 30. Re1 h3+ 31. Kh2 Nh4 32. Rf1 Ng2 33. Bg3 Rdf8 34. Nb4 Ne3 35. Rf3 Nf5 36. Nxd5 Nxg3 37. Rxg3 Kc8 38. Nf6 Kd8 39. Nd5 c5 40. dxc5 Bxc5 41. Rd3 Kc8 42. b4 Ba7 43. Ne7+ Kb8 44. Rf3 Ka8 45. c4 Bb8 46. Re3 Re8 47. Nd5 Rxe5 48. Rxe5 Bxe5+ 49. Kh1 Rc8 50. Nb6+ Kb8 51. Nd7+ Kc7 52. Nxe5 Rf8 53. Kh2 Re8 54. Nxf7 Re3 55. Nh8 Re6 56. Kxh3 Kd7 57. Kg4 Ke7 58. Kf4 Kf8 59. b5 Kg7 60. Nxg6 Kxg6 61. b6 Rc6 0-1


[Site "https://www.chess.com"]

[Event "Titled Tuesday Blitz June 13 Early 2023"]
[White "Hartikainen, Jarmo"]
[Black "rikchessmx"]
[WhiteFideId "503134"]
[WhiteElo "2116"]
[BlackElo "2286"]
[Result "0-1"]
[Round "11"]
[TimeControl "180+2"]
[Date "2023.06.13"]
[WhiteClock "0:00:00"]
[BlackClock "0:00:50"]
[Board "144"]

1. e4 e5 2. Nf3 Nc6 3. Bc4 Bc5 4. c3 Qf6 5. d3 h6 6. Be3 Bb6 7. Bxb6 axb6 8. d4 d6 9. Bb5 Bd7 10. d5 Nb8 11. Bxd7+ Nxd7 12. Qd3 Qg6 13. Nbd2 Ngf6 14. b4 O-O 15. Qc4 Rfc8 16. Nh4 Qg4 17. g3 c6 18. Nf5 cxd5 19. Ne7+ Kh8 20. Qxc8+ Rxc8 21. Nxc8 dxe4 22. Nxd6 Qe6 23. N6xe4 Nxe4 24. Nxe4 Qd5 25. f3 f5 26. Nd2 Qd3 27. Rc1 e4 28. Rf1 e3 29. Nb3 Ne5 30. f4 Nc4 31. Rf3 Nd2 32. Nd4 Nxf3+ 33. Nxf3 g5 34. Rd1 Qxc3+ 35. Ke2 g4 0-1


[Site "https://www.chess.com"]

[Event "Titled Tuesday Blitz June 13 Early 2023"]
[White "Fabris, Alberto"]
[Black "Avazkhonov, Alikhon"]
[WhiteFideId "801348"]
[BlackFideId "14208504"]
[WhiteElo "2172"]
[BlackElo "1739"]
[Result "0-1"]
[Round "11"]
[TimeControl "180+2"]
[Date "2023.06.13"]
[WhiteClock "0:00:00"]
[BlackClock "0:00:01"]
[Board "145"]

1. e4 c5 2. Nf3 d6 3. Bb5+ Nd7 4. d4 cxd4 5. Qxd4 Nf6 6. Nc3 a6 7. Ba4 b5 8. Bb3 Bb7 9. Bg5 h6 10. Bh4 e6 11. a3 Be7 12. O-O-O O-O 13. h3 Rc8 14. g4 e5 15. Qe3 Nc5 16. Nd2 g5 17. Bg3 Qa5 18. Kb1 b4 19. Nc4 Qc7 20. axb4 Ncxe4 21. Nxe4 Nxe4 22. Rh2 Nxg3 23. fxg3 Rfe8 24. h4 d5 25. Na5 d4 26. Qf2 Bf8 27. Nxb7 Qxb7 28. Rf1 Rc7 29. Qf6 Bg7 30. Qf5 e4 31. hxg5 Re5 32. Qf2 Rxg5 33. Rh5 e3 34. Qe2 Rxh5 35. gxh5 Qxb4 36. Qd3 Qc5 37. Rf5 Qc6 38. Qf1 Qd7 39. g4 Kf8 0-1


[Site "https://www.chess.com"]

[Event "Titled Tuesday Blitz June 13 Early 2023"]
[White "Omariev, Maksim"]
[Black "Kiseljova, Marya"]
[WhiteFideId "4193423"]
[BlackFideId "4155009"]
[WhiteElo "2343"]
[BlackElo "1831"]
[Result "1-0"]
[Round "11"]
[TimeControl "180+2"]
[Date "2023.06.13"]
[WhiteClock "0:00:22"]
[BlackClock "0:00:00"]
[Board "146"]

1. g4 d5 2. Bg2 Bxg4 3. c4 Be6 4. Qb3 Bc8 5. cxd5 Nf6 6. Nc3 g6 7. e4 Bg7 8. e5 Nh5 9. d4 O-O 10. Nge2 e6 11. Ng3 Qh4 12. dxe6 Bxe6 13. Qxb7 Nd7 14. Qe4 Qxe4+ 15. Bxe4 Nxg3 16. hxg3 Rab8 17. f4 Nb6 18. d5 Bd7 19. b3 Rfe8 20. Kf2 Rbd8 21. Be3 Bg4 22. Rac1 Nc8 23. Nb5 f6 24. Nxc7 fxe5 25. Nxe8 Rxe8 26. Bf3 Bxf3 27. Kxf3 e4+ 28. Ke2 Nd6 29. Rhd1 Nf5 30. g4 Nd6 31. Rc6 Rd8 32. a4 Kf7 33. Bc5 Ne8 34. d6 Rd7 35. Ke3 Nf6 36. g5 Ne8 37. Kxe4 h6 38. b4 hxg5 39. fxg5 Ke6 40. b5 Bb2 41. a5 Bc3 42. a6 Ba5 43. Rf1 Bd8 44. Rf8 Ng7 45. Rc8 Bxg5 46. Rg8 Bf6 47. Rcf8 1-0


[Site "https://www.chess.com"]

[Event "Titled Tuesday Blitz June 13 Early 2023"]
[White "Winkels, Marcel"]
[Black "Mirzanurov, Bulat"]
[WhiteFideId "1003887"]
[BlackFideId "4184521"]
[WhiteElo "1900"]
[BlackElo "2005"]
[Result "0-1"]
[Round "11"]
[TimeControl "180+2"]
[Date "2023.06.13"]
[WhiteClock "0:00:01"]
[BlackClock "0:00:51"]
[Board "147"]

1. e4 c5 2. Nf3 d6 3. Nc3 Nf6 4. d4 cxd4 5. Nxd4 a6 6. Be2 e5 7. Nb3 Be7 8. O-O Be6 9. Be3 O-O 10. g4 h6 11. f4 exf4 12. Bxf4 Nh7 13. Nd5 Bg5 14. Bg3 Nc6 15. a4 Ne5 16. h3 Rc8 17. Bf4 Bxf4 18. Rxf4 Ng5 19. Bf1 Ng6 20. Rf2 Nxe4 21. Re2 Ng3 22. Rd2 Nxf1 23. Kxf1 Bxd5 24. Rxd5 Qf6+ 25. Kg2 Nf4+ 26. Kh1 Nxd5 27. Qxd5 Rxc2 28. Nd4 Rd2 0-1


[Site "https://www.chess.com"]

[Event "Titled Tuesday Blitz June 13 Early 2023"]
[White "Luxama, Jacques Muller"]
[Black "Lisjak, Zlatko"]
[WhiteFideId "11900113"]
[BlackFideId "14502186"]
[WhiteElo "1931"]
[BlackElo "1998"]
[Result "0-1"]
[Round "11"]
[TimeControl "180+2"]
[Date "2023.06.13"]
[WhiteClock "0:00:00"]
[BlackClock "0:00:08"]
[Board "148"]

1. e4 c5 2. Nf3 e6 3. d4 cxd4 4. Nxd4 a6 5. Nc3 d6 6. Bd3 b5 7. O-O Ne7 8. a4 b4 9. Nce2 Nec6 10. c3 Bb7 11. Be3 Be7 12. Qb3 a5 13. Rac1 O-O 14. Rfd1 Ne5 15. Bb1 Na6 16. Nb5 Qb8 17. h3 Nc5 18. Bxc5 dxc5 19. cxb4 axb4 20. f4 Ng6 21. f5 exf5 22. exf5 Ne5 23. Qg3 Kh8 24. b3 c4 25. bxc4 Bc5+ 26. Kh2 Rxa4 27. Nf4 b3 28. Nd5 b2 29. Rc2 Nxc4 0-1


[Site "https://www.chess.com"]

[Event "Titled Tuesday Blitz June 13 Early 2023"]
[White "Porat, Tori"]
[Black "le-castor-faineant"]
[WhiteFideId "30982626"]
[WhiteElo "1752"]
[BlackElo "2188"]
[Result "0-1"]
[Round "11"]
[TimeControl "180+2"]
[Date "2023.06.13"]
[WhiteClock "0:01:11"]
[BlackClock "0:02:23"]
[Board "149"]

1. d4 Nf6 2. c4 g6 3. Nc3 Bg7 4. g3 e6 5. Bg2 O-O 6. Nf3 d5 7. cxd5 exd5 8. O-O c6 9. Bg5 Bg4 10. Qd2 Nbd7 11. Bh6 Re8 12. Bxg7 Kxg7 13. e3 Ne4 14. Nxe4 dxe4 15. Ne1 Nf6 16. Nc2 Qd7 17. f3 exf3 18. Bxf3 Bxf3 19. Rxf3 Ne4 20. Qe2 f5 21. Raf1 Qe7 22. a3 Rad8 23. Qd3 Ng5 24. Rf4 Nh3+ 25. Kg2 Nxf4+ 26. Rxf4 c5 27. d5 Qe5 28. b4 Qxd5+ 29. Qxd5 Rxd5 30. Rf2 c4 31. Kf1 c3 32. h4 Rd2 33. Rxd2 cxd2 34. Ke2 Rd8 35. Nd4 Kf6 36. Kxd2 Ke5 37. Kc3 Ke4 38. Ne6 Rd3+ 39. Kc4 Rxe3 40. Ng5+ Ke5 41. Nxh7 Rxg3 42. Ng5 Rg4+ 43. Kc3 Rxh4 44. Nf7+ Kf4 45. Nd6 Rh3+ 46. Kb2 b6 47. Ne8 g5 48. Nc7 g4 49. Ne6+ Ke3 50. Ng5 Rh2+ 51. Kb3 g3 0-1


[Site "https://www.chess.com"]

[Event "Titled Tuesday Blitz June 13 Early 2023"]
[White "Clawitter, Craig"]
[Black "Maluco_do_Natal_00"]
[WhiteFideId "2023105"]
[WhiteElo "2215"]
[BlackElo "2085"]
[Result "1-0"]
[Round "11"]
[TimeControl "180+2"]
[Date "2023.06.13"]
[WhiteClock "0:00:12"]
[BlackClock "0:00:02"]
[Board "150"]

1. e4 c5 2. Nf3 Nc6 3. d4 cxd4 4. Nxd4 Nf6 5. Nc3 e5 6. Ndb5 d6 7. Bg5 a6 8. Na3 b5 9. Bxf6 gxf6 10. Nd5 Bg7 11. Bd3 Be6 12. O-O f5 13. Qh5 O-O 14. exf5 Bxd5 15. f6 e4 16. Qxd5 exd3 17. fxg7 Re8 18. Qxc6 b4 19. Nc4 Rc8 20. Qd5 Rc5 21. Qd4 dxc2 22. b3 Rg5 23. Rac1 Qa8 24. g3 d5 25. Ne3 Re4 26. Qd2 d4 27. Nc4 Rxg7 28. Rxc2 Reg4 29. Nd6 Qd5 30. Rc8# 1-0


[Site "https://www.chess.com"]